 Dungeon Crawl Stone Soup version 0.27-a0-1423-ge5d6b6ab6a (webtiles) character file.

Game seed: 4011676505928084162

68 HAL9000 the Sneak (level 4, -2/23 HPs)
             Began as a Vine Stalker Brigand on July 2, 2021.
             Slain by Jessica (15 damage)
             ... on level 2 of the Dungeon.
             The game lasted 00:01:29 (1917 turns).

HAL9000 the Sneak (Vine Stalker Brigand)            Turns: 1917, Time: 00:01:30

Health: -2/23      AC:  3    Str: 13    XL:     4   Next: 19%
Magic:  0/5        EV: 11    Int: 12    God:
Gold:   72         SH:  0    Dex: 16    Spells: 1/3 levels left

rFire    . . .     SeeInvis .   a - +2 dagger
rCold    . . .     Faith    .   (no shield)
rNeg     . . .     Spirit   +   b - +0 robe
rPois    .         Reflect  .   (no helmet)
rElec    .         Harm     .   c - +0 cloak
rCorr    .         Rampage  .   (no gloves)
Will     .....                  (no boots)
Stlth    +++.......             (no amulet)
HPRegen  1.07/turn              (no ring)
MPRegen  0.09/turn              (no ring)

@: no status effects
A: fangs 2, regeneration 1, magic shield, antimagic bite, no potion heal 2
a: no special abilities


You were on level 2 of the Dungeon.
You visited 1 branch of the dungeon, and saw 2 of its levels.

You collected 72 gold pieces.

Inventory:

Hand Weapons
 a - a +2 dagger (weapon)
Missiles
 d - 6 poisoned darts (quivered)
 e - 2 curare-tipped darts
 g - 15 boomerangs
Armour
 b - a +0 robe (worn)
 c - a +0 cloak (worn)
Scrolls
 f - a scroll of identify {unknown}
 h - a scroll of enchant armour {unknown}
 j - a scroll of teleportation {unknown}
Potions
 i - 2 potions of curing {unknown}
 k - a potion of might {unknown}


   Skills:
 - Level 1.7 Fighting
 - Level 1.7 Short Blades
 - Level 3.0 Throwing
 - Level 0.7 Dodging
 - Level 5.7 Stealth
 + Level 1.0 Hexes


You had one spell level left.
You knew the following spells:

 Your Spells              Type           Power      Damage    Failure   Level
a - Ensorcelled Hibernat  Hex/Ice        2%         N/A       38%         2

Your spell library contained the following spells:

 Spells                   Type           Power      Damage    Failure   Level
 Spider Form              Tmut/Pois      0%         N/A       69%         3
 Shadow Creatures         Summ           N/A        N/A       100%        6


Dungeon Overview and Level Annotations

Branches:
Dungeon (2/15)

Altars:
Makhleb

Annotations:
D:2 Jessica


Innate Abilities, Weirdness & Mutations

You have extremely sharp teeth.
Your natural rate of healing is unusually fast.
When hurt, damage is shared between your health and your magic reserves.
Your bite disrupts and absorbs the magic of your enemies.
Potions cannot restore your health.


Message History

You kill the hobgoblin!
No target in view!
Found a faded altar of an unknown god.
Casting: Ensorcelled Hibernation (quite dangerous; 38% risk of failure)
Confirm with . or Enter, or press ? or * to list all spells.
Okay, then.
There is a faded altar of an unknown god here.
Jessica the Apprentice Sorceress comes into view.
She is wielding a +4 dagger of electrocution.
Jessica is nearby!
Jessica is nearby!
Jessica barely misses you.
You hit Jessica but do no damage.
Jessica hits you with a +4 dagger of electrocution.
Jessica is nearby!
You hit Jessica. You bite Jessica, but do no damage.
Jessica is moderately wounded.
Jessica hits you with a +4 dagger of electrocution!
You hit Jessica but do no damage. You bite Jessica, but do no damage.
Jessica is moderately wounded.
Jessica barely misses you.
You hit Jessica. Your bite misses Jessica.
Jessica is heavily wounded.
Jessica barely misses you.
You closely miss Jessica.
Jessica is heavily wounded.
Jessica hits you with a +4 dagger of electrocution.
Throw: 8 darts (poison)
Press: ? - help, Q - select action, (/) - cycle Shift-Dir - straight line, f - Jessica
Aim: Jessica, wielding a +4 dagger of electrocution and wearing a +0 robe (heavily wounded, 60% to hit)
You throw a poisoned dart.
The poisoned dart barely misses Jessica.
Throw: 7 darts (poison)
Press: ? - help, Q - select action, (/) - cycle Shift-Dir - straight line, f/p - Jessica
Aim: Jessica, wielding a +4 dagger of electrocution and wearing a +0 robe (heavily wounded, 60% to hit)
You throw a poisoned dart.
The poisoned dart barely misses Jessica.
Jessica hits you with a +4 dagger of electrocution.
You are electrocuted!!
Ouch! That really hurt!
You die...

#.......##
#.########...
#.......# #..
+... #.......#
### #...
#.......# <#'#
#.......# # .#
###.....# .#
#####.# .#
#.##### #.@...#
#@###.# #. ##.##
### #. #8.8# #..
#. ##.#########
#.# #.
#8_8#......# #.#
##
##.##.####.###.#
#8.8#.# #.....#
##.##.# #####.#


You could see Jessica.

Vanquished Creatures
  Natasha (D:2)
  A gnoll (D:1)
  An adder (D:2)
  2 dart slugs
  A ball python (D:2)
  4 bats
  2 giant cockroaches (D:1)
  2 hobgoblins (D:2)
  5 quokkas
  2 kobolds (D:1)
  A rat (D:2)
22 creatures vanquished.

Notes
Turn   | Place    | Note
-------+----------+-------------------------------------------
     0 | D:1      | HAL9000 the Vine Stalker Brigand began the quest for the
                  | Orb.
     0 | D:1      | Reached XP level 1. HP: 11/11 MP: 2/2
   618 | D:1      | Reached XP level 2. HP: 10/15 MP: 1/3
  1419 | D:2      | Found a burning altar of Makhleb.
  1452 | D:2      | Reached XP level 3. HP: 18/18 MP: 4/4
  1588 | D:2      | Noticed Natasha
  1592 | D:2      | Killed Natasha
  1593 | D:2      | Reached skill level 5 in Stealth
  1777 | D:2      | Learned a level 2 spell: Ensorcelled Hibernation
  1803 | D:2      | Gained mutation: Your natural rate of healing is unusually
                  | fast. [Vine Stalker growth]
  1803 | D:2      | Reached XP level 4. HP: 21/23 MP: 5/5
  1834 | D:2      | Reached skill level 1 in Hexes
  1897 | D:2      | Found a faded altar of an unknown god.
  1907 | D:2      | Noticed Jessica
  1917 | D:2      | Slain by Jessica

Illustrated notes

Levels and vault maps discovered:
D:1:      amcnicky_arrival_abandoned_market, layout_loops_corners
D:2:      layout_basic, ebering_ecumenical_altar_hall, basic_altar,
          grunt_ministairs_15, uniq_natasha, uniq_jessica

Skill      XL: |  1  2  3  4 |
---------------+-------------+-----
Throwing       | 2 3 |  3.0
Stealth        | 5 |  5.7
Hexes          | 1 |  1.0
Fighting       | |  1.7
Short Blades   | |  1.7
Dodging        | |  0.7

Action                   |  1- 3 |  4- 6 || total
-------------------------+-------+-------++-------
Melee: Dagger            |    40 |    12 ||    52
       Bite              |     6 |     3 ||     9
Throw: Boomerang         |     5 |       ||     5
       Dart              |     3 |     2 ||     5
 Stab: Sleeping          |     9 |       ||     9
Armor: Robe              |    10 |     1 ||    11
Dodge: Dodged            |    15 |     4 ||    19

Table legend: (Time is in decaauts)
 A = Elapsed time spent in this place.
 B = Non-inter-level travel time spent in this place.
 C = Inter-level travel time spent in this place.
 D = Time resting spent in this place.
 E = Time spent auto-exploring this place.
 F = Levels seen in this place.
 G = Mean time per level.
                   A        B        C        D        E       F      G
               +--------+--------+--------+--------+--------+-----+--------+
         Total |   1912 |   1873 |     39 |    368 |   1335 |   2 |  956.0 |
       Dungeon |   1912 |   1873 |     39 |    368 |   1335 |   2 |  956.0 |
               +--------+--------+--------+--------+--------+-----+--------+

Top non-repeatable levels by time:
     D:1: 1393 daAuts
     D:2: 519 daAuts
